 Dungeon Crawl Stone Soup version 0.30.1-11-g7821555f0a (webtiles) character file.

Game seed: 16847788791655413761

70 fireball365 the Chopper (level 4, -2/40 HPs)
             Began as a Hill Orc Fighter on Nov 22, 2023.
             Slain by Grinder (5 damage)
             ... on level 3 of the Dungeon.
             The game lasted 00:02:59 (1697 turns).

fireball365 the Chopper (Hill Orc Fighter)          Turns: 1697, Time: 00:03:00

Health: -2/40      AC:  9    Str: 20    XL:     4   Next: 21%
Magic:  4/4        EV:  9    Int:  8    God:
Gold:   116        SH:  4    Dex: 10    Spells: 3/3 levels left

rFire   + + .        a - +0 war axe
rCold   x . .        c - +0 buckler
rNeg    . . .        e - +0 fire dragon scales
rPois   .            (no helmet)
rElec   .            (no cloak)
rCorr   +            (no gloves)
SInv    .            (no boots)
Will    .....        (no amulet) Stlth
                     j - ring of resist corrosion
HPRegen 0.26/turn    (no ring)
MPRegen 0.09/turn

%: no passive effects
@: no status effects
A: no striking features
a: no special abilities


You were on level 3 of the Dungeon.
You visited 1 branch of the dungeon, and saw 3 of its levels.

You collected 116 gold pieces.

Inventory:

Hand Weapons
 a - a +0 war axe (weapon)
Armour
 b - a +0 scale mail
 c - a +0 buckler (worn)
 e - +0 fire dragon scales (worn)
Jewellery
 i - an amulet of faith
 j - a ring of resist corrosion (left hand)
Wands
 l - a wand of charming (11)
 n - a wand of flame (17)
Scrolls
 g - a scroll of torment
 k - 2 scrolls of teleportation
Potions
 d - a potion of might
 h - 2 potions of curing


   Skills:
 + Level 4.0 Fighting
 + Level 4.2 Axes
 + Level 4.1 Armour
 + Level 3.5 Shields


You had 3 spell levels left.
You didn't know any spells.
Your spell library contained the following spells:

 Spells                   Type           Power      Damage    Failure   Level
 Volatile Blastmotes      Fire/Tloc      0%         2d10      99%         3
 Fulminant Prism          Conj/Hex       0%         3d5       100%        4
 Iskenderun's Mystic Bla  Conj/Tloc      0%         2d3       100%        4
 Lee's Rapid Deconstruct  Erth           0%         3d4*      100%        5


Dungeon Overview and Level Annotations

Branches:
Dungeon (3/15)

Altars:

Annotations:
D:3 Grinder


Message History

Grinder is moderately wounded.
Grinder gestures at you. Pain shoots through your body!
You completely miss Grinder.
Grinder is moderately wounded.
Grinder barely misses you. x2
You hit Grinder.
Grinder is moderately wounded.
Grinder gestures at you.
You barely resist. You slash Grinder!
Grinder is severely wounded.
Grinder blinks!
You barely miss Grinder.
Grinder is severely wounded.
Grinder gestures at you. Pain shoots through your body!
You hit Grinder but do no damage.
Grinder is severely wounded.
Grinder hits you. Grinder hits you but does no damage.
You closely miss Grinder.
Grinder is severely wounded.
Grinder gestures at you. Pain shoots through your body!
* * * LOW HITPOINT WARNING * * *
You hit Grinder.
Grinder is severely wounded.
Grinder hits you.
* * * LOW HITPOINT WARNING * * *
You feel better. Grinder hits you.
* * * LOW HITPOINT WARNING * * *
You writhe in agony.
* * * LOW HITPOINT WARNING * * *
You feel better. Grinder hits you but does no damage.
You hit Grinder but do no damage.
Grinder is severely wounded.
Grinder hits you!
* * * LOW HITPOINT WARNING * * *
You writhe in agony.
You die...

#### ## #.. # ##.#
#.# .#
##...##.###..####
##...).<..........
#.........#.#..##.
#.##.##...#.#..##
#. #..@5......
#............##
#.#...#.[......
#.?...####.####
......# ...
##...... ..#
#.##.# .# .. .#


You could see Grinder.

Vanquished Creatures
  3 adders (D:2)
  A worm (D:2)
  A dart slug (D:1)
  4 bats
  7 endoplasms
  2 giant cockroaches (D:2)
  3 hobgoblins
  3 frilled lizards (D:2)
  4 goblins
  4 kobolds
  5 rats
37 creatures vanquished.

Notes
Turn   | Place    | Note
-------+----------+-------------------------------------------
     0 | D:1      | fireball365 the Hill Orc Fighter began the quest for the
                  | Orb.
     0 | D:1      | Reached XP level 1. HP: 19/19 MP: 1/1
   394 | D:1      | Reached XP level 2. HP: 27/27 MP: 2/2
   996 | D:2      | Reached XP level 3. HP: 30/33 MP: 3/3
  1199 | D:2      | Reached XP level 4. HP: 34/40 MP: 4/4
  1596 | D:3      | Noticed Grinder
  1602 | D:3      | Paralysed by Grinder for 2 turns
  1622 | D:3      | Paralysed by Grinder for 3 turns
  1695 | D:3      | HP: 1/40 [Grinder (6)]
  1697 | D:3      | Slain by Grinder

Illustrated notes

Levels and vault maps discovered:
D:1:      nzn_arrival_depleted_hourglass, layout_basic
D:2:      layout_basic, minmay_misc_feat_chi
D:3:      layout_loops_cross, gammafunk_ghost_smash, uniq_terence, uniq_grinder

Skill      XL: |  1  2  3 |
---------------+----------+-----
Axes           | 3 4 |  4.2
Fighting       | 4 |  4.0
Armour         | 4 |  4.1
Shields        | |  3.5

Action                     |  1- 3 |  4- 6 || total
---------------------------+-------+-------++-------
  Melee: War axe           |    95 |    39 ||   134
  Evoke: Wand              |       |     1 ||     1
    Use: Scroll            |     1 |     3 ||     4
         Potion            |       |     3 ||     3
 Armour: Scale mail        |    12 |       ||    12
         Fire dragon scale |    50 |    17 ||    67
  Dodge: Dodged            |    55 |     9 ||    64
  Block: Buckler           |    26 |     1 ||    27
